 Dungeon Crawl Stone Soup version 0.18.1-48-g4cf74bf (webtiles) character file.

140 Heedrag the Conjurer (level 5, -4/28 HPs)
             Began as a Deep Elf Conjurer on July 30, 2016.
             Slain by a centaur
             ... wielding a +0 rapier
              (9 damage)
             ... on level 3 of the Dungeon.
             The game lasted 00:07:02 (2838 turns).

Heedrag the Conjurer (Deep Elf Conjurer)            Turns: 2838, Time: 00:07:03

Health: -4/28      AC:  4    Str:  6    XL:     5   Next: 2%
Magic:  0/14       EV: 13    Int: 20    God:
Gold:   197        SH:  0    Dex: 15    Spells: 4 memorised, 0 levels left

rFire  . . .     SeeInvis .     r - +2 dagger (venom)
rCold  . . .     Gourm    .     a - +0 robe
rNeg   . . .     Faith    .     (no shield)
rPois  .         Spirit   .     (no helmet)
rElec  .         Dismiss  .     (no cloak)
rCorr  .         Reflect  .     w - +1 pair of gloves
SustAt .         Harm     .     (no boots)
MR     .....                    (no amulet)
Stlth  ++........               (no ring)
                                (no ring)

@: very slightly contaminated, not resistant to hostile enchantments, unstealthy
A: no striking features
a: no special abilities


You were on level 3 of the Dungeon.
You were not hungry.

You visited 1 branch of the dungeon, and saw 4 of its levels.

You collected 197 gold pieces.

Inventory:

Hand Weapons
 n - a +1 dagger of speed
 r - a +2 dagger of venom (weapon)
Armour
 a - a +0 robe (worn)
 i - a +0 buckler
 w - a +1 pair of gloves (worn)
Wands
 x - a wand of polymorph (13/24)
Scrolls
 e - a scroll of fear {unknown}
 h - 2 scrolls of identify {unknown}
 j - a scroll of fog {unknown}
 l - 3 scrolls of enchant armour {unknown}
 o - a scroll of immolation {unknown}
 p - 2 scrolls of enchant weapon {unknown}
 t - a scroll of teleportation {unknown}
 u - a scroll of remove curse {unknown}
 y - a scroll of random uselessness {unknown}
Potions
 d - a potion of haste {unknown}
 g - a potion of brilliance {unknown}
 k - a potion of curing {unknown}
Books
 b - a book of Conjurations

   Spells                             Type                      Level
   a - Magic Dart                     Conjuration                  1
   b - Searing Ray                    Conjuration                  2
   c - Dazzling Spray                 Conjuration/Hexes            3
   d - Fulminant Prism                Conjuration/Hexes            4
   e - Iskenderun's Mystic Blast      Conjuration                  4
   f - Iskenderun's Battlesphere      Conjuration/Charms           5
Comestibles
 c - 3 bread rations
 f - 3 slices of pizza
 m - a beef jerky
 q - a fruit
 s - a meat ration
 v - a chunk of flesh


   Skills:
 - Level 2.4 Dodging
 - Level 2.4 Stealth
 + Level 4.7 Spellcasting
 * Level 6.2 Conjurations
 + Level 0.0 Charms


You couldn't memorise any spells.
You knew the following spells:

 Your Spells              Type           Power        Failure   Level  Hunger
a - Magic Dart            Conj           ####         1%          1    None
b - Dazzling Spray        Conj/Hex       ###...       12%         3    ##.....
c - Iskenderun's Mystic   Conj           ####....     12%         4    ####...
d - Iskenderun's Battles  Conj/Chrm      ###.....     89%         5    ######.


Dungeon Overview and Level Annotations

Branches:
Dungeon (4/15)
 Temple: D:4-7

Altars:
Ashenzari
Gozag
Kikubaaqudgha
Nemelex Xobeh

Shops:
D:2 *

Annotations:
D:3 Natasha, Sigmund, Terence


Message History

Tha centaur hits ye wit' an uncursed rapier.
Tha centaur misses ye.
Castin': Dazzlin' Spray Confirm wit' . or Enter, or press ? or * ta list all spells.
Aimin': Dazzlin' Spray
Press: ? - help, Shift-Dir - straight line, f/p - centaur
Aim: a centaur, wieldin' a rapier (heavily wounded, blind) Tha spray o' energy hits tha centaur.
Tha centaur be almost dead.
Tha centaur hits ye wit' an uncursed rapier.
* * * LOW HITPOINT WARNIN'
* * * Castin': Dazzlin' Spray Confirm wit' . or Enter, or press ? or * ta list all spells.
Aimin': Magic Dart
Press: ? - help, Shift-Dir - straight line, f/p - centaur
Aim: a centaur, wieldin' a rapier (almost dead, blind) Tha magic dart hits tha centaur.
Tha centaur be almost dead.
Tha centaur hits ye wit' an uncursed rapier!
Ye die...

#.##.##.._..##P.#
#.##.......h....#
#.##....)w....P.#
#.##....###.P..###
#†##..P..#........
#.##.........P.#
#)##..P......#
#...........####
####.##..##<.@c######.
#.##..#####..@.....
#.##..# ########.
#...... ...#).##
...#..# ...#..#


You could see a centaur (blind) and Terence.

Vanquished Creatures
  Ijyb (D:3)
  Natasha (D:2)
  An adder (D:2)
  An ooze (D:2)
  An adder skeleton (D:3)
  2 worms (D:3)
  3 dart slugs (D:1)
  A giant gecko (D:1)
  An orc (D:3)
  4 bats
  2 giant cockroaches
  8 goblins
  7 hobgoblins
  6 jackals
  5 kobolds
  3 quokkas (D:3)
  4 giant newts
  9 rats
60 creatures vanquished.

Notes
Turn   | Place    | Note
--------------------------------------------------------------
     0 | D:1      | Heedrag the Deep Elf Conjurer began the quest for the Orb.
     0 | D:1      | Reached XP level 1. HP: 10/10 MP: 6/6
   135 | D:1      | Reached XP level 2. HP: 6/15 MP: 0/8
   146 | D:2      | Found a sparkling altar of Nemelex Xobeh.
   632 | D:2      | Reached skill level 5 in Conjurations
   734 | D:2      | Noticed Natasha
   739 | D:2      | Killed Natasha
   739 | D:2      | Reached XP level 3. HP: 5/19 MP: 2/10
   744 | D:2      | Learned a level 3 spell: Dazzling Spray
  1087 | D:2      | Reached XP level 4. HP: 23/24 MP: 2/12
  1239 | D:2      | Found an opulent altar of Gozag.
  1343 | D:2      | Found Gozag's Platinum Reserve.
  1699 | D:2      | Found an opulent altar of Gozag.
  1701 | D:2      | Found Gozag's Platinum Reserve.
  1844 | D:2      | Found a sparkling altar of Nemelex Xobeh.
  2026 | D:3      | Found an ancient bone altar of Kikubaaqudgha.
  2064 | D:3      | Noticed Terence
  2086 | D:3      | Found a shattered altar of Ashenzari.
  2129 | D:3      | Learned a level 4 spell: Iskenderun's Mystic Blast
  2259 | D:3      | Noticed Sigmund
  2353 | D:3      | Noticed Ijyb
  2359 | D:3      | Killed Ijyb
  2359 | D:3      | Reached skill level 6 in Conjurations
  2655 | D:3      | Reached XP level 5. HP: 28/28 MP: 11/14
  2672 | D:3      | Learned a level 5 spell: Iskenderun's Battlesphere
  2830 | D:3      | Noticed a centaur
  2830 | D:3      | Noticed Natasha
  2838 | D:3      | Slain by a centaur

Skill      XL: |  1  2  3  4 |
---------------+-------------+-----
Conjurations   | 5 6 |  6.2
Spellcasting   | 4 |  4.7
Dodging        | |  2.4
Stealth        | |  2.4

Action                   |  1- 3 |  4- 6 || total
-------------------------+-------+-------++-------
Melee: Unarmed           |     4 |       ||     4
 Cast: Magic Dart        |    74 |    68 ||   142
       Dazzling Spray    |       |     3 ||     3
  Eat: Chunk             |       |     6 ||     6
Armor: Robe              |    13 |     1 ||    14
Dodge: Dodged            |    24 |    11 ||    35
